 Dungeon Crawl Stone Soup version 0.30-b1-2-g02819fbbbe (webtiles) character file.

Game seed: 5051694754816641407

10 Alarkh the Charlatan (level 2, 22/22 HPs)
             Began as a Demonspawn Artificer on Dec 4, 2023.
             Got out of the dungeon alive.
             The game lasted 00:00:20 (254 turns).

Alarkh the Charlatan (Demonspawn Artificer)          Turns: 254, Time: 00:00:21

Health: 22/22      AC:  3    Str: 12    XL:     2   Next: 10%
Magic:  2/2        EV: 11    Int: 12    God:
Gold:   15         SH:  0    Dex: 13    Spells: 1/1 levels left

rFire   . . .        a - +0 club
rCold   . . .        (no shield)
rNeg    . . .        b - +0 leather armour
rPois   .            (no helmet)
rElec   .            (no cloak)
rCorr   .            (no gloves)
SInv    .            (no boots)
Will    .....        (no amulet)
Stlth   +            (no ring)
HPRegen 0.23/turn    (no ring)
MPRegen 0.08/turn

%: no passive effects
@: no status effects
A: sanguine armour 1
a: no special abilities


You escaped.
You visited 1 branch of the dungeon, and saw 1 of its levels.

You collected 15 gold pieces.

Inventory:

Hand Weapons
 a - a +0 club (weapon)
Armour
 b - a +0 leather armour (worn)
Jewellery
 i - a ring of ice
Wands
 c - a wand of flame (9) (quivered)
 d - a wand of charming (15)
 e - a wand of iceblast (5)
Scrolls
 f - a scroll of blinking {unknown}
 h - a scroll of noise {unknown}
Potions
 g - a potion of brilliance {unknown}
 j - a potion of curing {unknown}
 k - a potion of lignification {unknown}
 l - a potion of cancellation {unknown}


   Skills:
 + Level 2.2 Fighting
 - Level 1.7 Armour
 - Level 0.8 Dodging
 - Level 0.8 Stealth
 - Level 3.0 Evocations


You had one spell level left.
You didn't know any spells.
Your spell library was empty.

Dungeon Overview and Level Annotations

Branches:
Dungeon (1/15)

Altars:


Innate Abilities, Weirdness & Mutations

When seriously injured, your blood forms armour. (AC +0)


Message History

No target in view!
No target in view!
No target in view!
No target in view!
You see here a +0 ring mail. 2 jackals come into view.
The jackal barks!
You hear a bark!
A jackal comes into view.
There are monsters nearby!
There are monsters nearby!
The jackal barks!
You hear a shout!
Aiming: Throw Flame
Press: ? - help, Shift-Dir - straight line, f - jackal
Aim: a jackal (64% to hit)
The puff of flame hits the jackal.
You kill the jackal!
Your Fighting skill increases to level 2!
Aiming: Throw Flame
Press: ? - help, Shift-Dir - straight line, f - jackal
Aim: a jackal (64% to hit)
The puff of flame hits the jackal but does no damage.
Aiming: Throw Flame
Press: ? - help, Shift-Dir - straight line, f/p - jackal
Aim: a jackal (64% to hit)
The puff of flame hits the jackal!
You kill the jackal!
You have reached level 2!
Your demonic ancestry asserts itself...
You feel your blood ready itself to protect you.
Aiming: Throw Flame
Press: ? - help, Shift-Dir - straight line, f - jackal
Aim: a jackal (64% to hit)
The puff of flame hits the jackal!
You kill the jackal!
You see here a ball python corpse.
There is a fountain of clear blue water here.
There is an open door here.
There is a staircase leading out of the dungeon here.
Are you sure you want to leave the Dungeon?
This will make you lose the game!
You have escaped!

#... ##... #....
#.#..##### #........#
.. #..⌠...⌠.##.##.#
#...###..##.##.#
#...#@'..##.##.#
#...###..##.##.#
##.⌠...⌠.##.##.#######
#.).....##..#........
###...####.....#
##...........#
#######.....# ##.####
#.##


There were no monsters in sight!

Vanquished Creatures
  A dart slug (D:1)
  A bat (D:1)
  A hobgoblin (D:1)
  3 jackals (D:1)
  A ball python (D:1)
7 creatures vanquished.

Notes
Turn   | Place    | Note
-------+----------+-------------------------------------------
     0 | D:1      | Alarkh the Demonspawn Artificer began the quest for the
                  | Orb.
     0 | D:1      | Reached XP level 1. HP: 15/15 MP: 1/1
   195 | D:1      | Gained mutation: When seriously injured, your blood forms
                  | armour. (AC +0) [demonic ancestry]
   195 | D:1      | Reached XP level 2. HP: 22/22 MP: 2/2
   254 | D:$      | Got out of the dungeon alive.

Illustrated notes

Levels and vault maps discovered:
D:1:      scummos_arrival_simple_fountains, layout_basic,
          ebering_ecumenical_altar_webs

Skill      XL: |  1 |
---------------+----+-----
Fighting       | 2 |  2.2
Armour         | |  1.7
Dodging        | |  0.8
Stealth        | |  0.8
Evocations     | |  3.0

Action                     || total
---------------------------++-------
  Melee: Club              ||    10
  Evoke: Wand              ||     6
 Armour: Leather armour    ||     2
  Dodge: Dodged            ||    19
